AoeStats
← willrhyd

Arabia

506821154Analyzed
1v1 RM · 17d ago on Sep 15, 2026· 46m 53s· 2 players
Game mode
Random Map
Map size
Tiny (2 player)
Population
200
Speed
Normal
Resources
Standard
Victory
Conquest
Starting age
Dark Age
Ending age
Imperial Age
RankedLock teamsTeams togetherTeam positionsShared explorationLock speedFull tech treeHidden civsTurbo modeCheats
Victory
Defeat
🇬🇧 Persians · United Kingdom
1631
+22
🇹🇼 Mongols · Taiwan
1773
-22
willrhyd
6:14 Loom
8:34 Feudal Age
9:05 Double-Bit Axe
14:32 Fletching
21:57 Castle Age
20:49 Padded Archer Armor
21:57 Elite Skirmisher
22:33 Bodkin Arrow
24:48 Bow Saw
26:47 Horse Collar
30:17 Leather Archer Armor
32:08 Wheelbarrow
33:19 Husbandry
34:31 Hand Cart
34:30 Heavy Plow
38:33 Imperial Age
36:21 Bloodlines
36:37 Scale Barding Armor
36:42 Forging
36:57 Gold Mining
37:25 Town Watch
39:08 Chain Barding Armor
38:14 Cavalier
40:31 Plate Barding Armor
41:41 Savar
45:10 Chemistry
45:29 Iron Casting
44:29 Light Cavalry
45:18 Heavy Camel Rider
47:55 Blast Furnace
凱文
7:19 Loom
9:58 Feudal Age
10:14 Man-at-Arms
10:40 Double-Bit Axe
10:35 Horse Collar
15:06 Fletching
17:28 Padded Archer Armor
22:01 Wheelbarrow
27:01 Castle Age
27:35 Forging
27:45 Crossbowman
30:25 Bow Saw
30:15 Heavy Plow
32:55 Husbandry
33:09 Gold Mining
33:45 Stone Mining
36:05 Bloodlines
38:05 Pikeman
40:11 Gold Shaft Mining
39:54 Bodkin Arrow
40:33 Scale Mail Armor
41:09 Iron Casting
40:06 Light Cavalry
45:16 Leather Archer Armor
Connection lost

Rejoining the realm…

Still unreachable

The connection could not be restored.

Session expired

The server has moved on; the page needs a fresh start.